 Dungeon Crawl Stone Soup version 0.16-a0-2010-g98bc240 (webtiles) character file.

280 Kraw the Ruffian (level 6, 0/53 HPs)
             Began as a Troll Venom Mage on Nov 9, 2014.
             Slain by Kraw's ghost (15 damage)
             ... on level 4 of the Dungeon.
             The game lasted 00:11:52 (2971 turns).

Kraw the Ruffian (Troll Venom Mage)                 Turns: 2971, Time: 00:11:52

Health: 0/53       AC:  5    Str: 17    XL:     6   Next: 5%
Magic:  5/5        EV:  9    Int: 13    God:
Gold:   138        SH:  0    Dex: 10    Spells: 2 memorised, 3 levels left

rFire  . . .     SeeInvis .       - Unarmed
rCold  . . .     Clarity  .     a - +0 robe
rNeg   . . .     SustAb   .     (shield restricted)
rPois  .         Gourm    +     (helmet restricted)
rElec  .         Spirit   .     (no cloak)
rCorr  .         Warding  .     (gloves unavailable)
rMut   .         Stasis   .     (boots unavailable)
MR     .....                    (no amulet)
Stlth  +.........               (no ring)
                                (no ring)

@: not resistant to hostile enchantments, very unstealthy
A: unfitting armour, claws 3, fast metabolism 3, gourmand, regeneration 2,
shaggy fur 1, tough skin 2
a: no special abilities


You were on level 4 of the Dungeon.
You were full.

You visited 1 branch of the dungeon, and saw 4 of its levels.

You collected 138 gold pieces.

Inventory:

Hand weapons
 s - a +0 hunting sling
Missiles
 h - 17 sling bullets
Armour
 a - a +0 robe (worn)
Jewellery
 o - a +4 ring of dexterity {unknown}
Scrolls
 e - 5 scrolls of teleportation {unknown}
 f - 6 scrolls of identify {unknown}
 k - a scroll of amnesia {unknown}
 l - 2 scrolls of remove curse {unknown}
 m - a scroll of enchant armour {unknown}
 r - a scroll of blinking {unknown}
Potions
 g - 2 potions of poison {unknown}
 i - 2 potions of magic {unknown}
 p - a potion of cure mutation {unknown}
 q - a potion of curing
 t - a potion of brilliance {unknown}
 v - a potion of lignification {unknown}
Books
 b - a Young Poisoner's Handbook

   Spells                             Type                      Level
   *Sting                             Conjuration/Poison           1
   Cure Poison                        Poison                       2
   *Mephitic Cloud                    Conjuration/Poison/Air       3
   Olgreb's Toxic Radiance            Poison                       4
   Venom Bolt                         Conjuration/Poison           5
 u - a book of Flames

   Spells                             Type                      Level
   Flame Tongue                       Conjuration/Fire             1
   Throw Flame                        Conjuration/Fire             2
   Conjure Flame                      Conjuration/Fire             3
   Inner Flame                        Hexes/Fire                   3
   Sticky Flame                       Conjuration/Fire             4
   Fireball                           Conjuration/Fire             5
Comestibles
 c - 3 meat rations
 d - 2 fruits
 j - a royal jelly
 n - 3 bread rations
 w - a beef jerky


   Skills:
 - Level 1.5 Dodging
 - Level 1.1 Stealth
 + Level 6.0 Unarmed Combat
 - Level 1.2 Spellcasting
 - Level 2.9 Poison Magic


You had 3 spell levels left.
You knew the following spells:

 Your Spells              Type           Power        Failure   Level  Hunger
a - Sting                 Conj/Pois      #...         17%         1    ##.....
b - Mephitic Cloud        Conj/Pois/Air  #.......     65%         3    ####...


Dungeon Overview and Level Annotations

Branches:
Dungeon (4/15)
 Temple: D:4-7

Altars:
Elyvilon
Fedhas
Ru
Trog

Annotations:
D:4 Kraw's ghost, experienced TrVM


Innate Abilities, Weirdness & Mutations

You are too large for most types of armour.
You have claws for hands.
Your metabolism is lightning-fast.
You like to eat raw meat.
You heal very quickly.
You are covered in fur (AC +1).
You have very tough skin (AC +2).


Message History

You scratch Kraw's ghost.
Kraw's ghost is lightly damaged.
You closely miss Kraw's ghost.
Kraw's ghost is lightly damaged.
Kraw's ghost completely misses you.
You scratch Kraw's ghost.
Kraw's ghost is lightly damaged.
Kraw's ghost hits you!
You claw Kraw's ghost!
Kraw's ghost is moderately damaged.
Kraw's ghost hits you.
You scratch Kraw's ghost but do no damage.
Kraw's ghost is moderately damaged.
Kraw's ghost hits you!
You barely miss Kraw's ghost.
Kraw's ghost is moderately damaged.
Kraw's ghost hits you!
* * * LOW HITPOINT WARNING * * *
Kraw's ghost hits you!
You die...

#########
#.......#
##########.#####.#
.............###@#
..########.....W.#
...# ###.#####
.W## #.# ..# #.#
..# #.# ..# #.#
'## #.# . #.#


You could see Kraw's ghost.

Vanquished Creatures
  Sigmund (D:3)
  Ijyb (D:3)
  6 adders
  Natasha (D:3)
  A giant mite (D:3)
  3 worms
  2 orcs (D:3)
  7 bats
  6 giant cockroaches
  18 goblins
  7 hobgoblins
  3 jackals (D:3)
  2 giant geckos
  3 giant newts
  6 kobolds
  14 rats
81 creatures vanquished.

Vanquished Creatures (others)
  Natasha (D:3)
1 creature vanquished.

Grand Total: 82 creatures vanquished

Notes
Turn   | Place    | Note
--------------------------------------------------------------
     0 | D:1      | Kraw, the Troll Venom Mage, began the quest for the Orb.
     0 | D:1      | Reached XP level 1. HP: 16/16 MP: 2/2
   239 | D:1      | Reached skill level 1 in Unarmed Combat
   309 | D:1      | Reached XP level 2. HP: 24/24 MP: 2/2
   977 | D:2      | Reached XP level 3. HP: 31/31 MP: 1/3
  1007 | D:2      | Reached skill level 3 in Unarmed Combat
  1195 | D:2      | Found a bloodstained altar of Trog.
  1277 | D:2      | Found a blossoming altar of Fedhas.
  1319 | D:2      | Reached XP level 4. HP: 39/39 MP: 2/4
  1400 | D:2      | Reached skill level 4 in Unarmed Combat
  2027 | D:3      | Noticed Ijyb
  2053 | D:3      | Killed Ijyb
  2053 | D:3      | Reached XP level 5. HP: 45/45 MP: 3/4
  2186 | D:3      | Noticed Sigmund
  2360 | D:3      | Killed Sigmund
  2360 | D:3      | Reached skill level 5 in Unarmed Combat
  2416 | D:3      | Learned a level 3 spell: Mephitic Cloud
  2458 | D:3      | Found a sacrificial altar of Ru.
  2495 | D:3      | Found a white marble altar of Elyvilon.
  2496 | D:3      | Noticed Natasha
  2504 | D:3      | Killed Natasha
  2613 | D:3      | Reached XP level 6. HP: 53/53 MP: 5/5
  2789 | D:3      | Noticed Natasha
  2796 | D:3      | Killed Natasha
  2796 | D:3      | Reached skill level 6 in Unarmed Combat
  2937 | D:4      | Noticed Kraw's ghost (experienced TrVM)
  2971 | D:4      | Slain by Kraw's ghost

Action                   |  1- 3 |  4- 6 || total
-------------------------+-------+-------++-------
Melee: Unarmed           |    93 |   101 ||   194
 Cast: Sting             |    23 |    46 ||    69
  Eat: Chunk             |    18 |    13 ||    31
